[Event "EYTCC U18 Girls 2019"]
[Site "Pardubice"]
[Date "2019.07.17"]
[Round "7.39"]
[White "Kuhar, Larisa"]
[Black "Stroganova, Karina"]
[Result "0-1"]
[ECO "C60"]
[WhiteElo "1894"]
[BlackElo "1875"]
[Annotator "NA"]
[PlyCount "100"]
[EventDate "2019.07.11"]
[EventType "swiss"]
[EventCountry "CZE"]
[SourceTitle "playchess.com"]
[Source "ChessBase"]
[SourceQuality "1"]
[WhiteTeam "Slovenia"]
[BlackTeam "Russia"]
[WhiteTeamCountry "SLO"]
[BlackTeamCountry "RUS"]
[TimeControl "40/5400+30:1800+30"]

1. e4 e5 2. Nf3 Nc6 3. Bb5 Nge7 4. O-O g6 5. c3 Bg7 6. d4 exd4 7. cxd4 a6 8. Ba4 b5 9. Bc2 O-O 10. h3 Na5 11. Nbd2 d6 12. a4 c5 13. axb5 axb5 14. e5 Bb7 15. exd6 Qxd6 16. Ne4 Bxe4 17. Bxe4 Nac6 18. Rxa8 Rxa8 19. dxc5 Qxc5 20. Be3 Qb4 21. Bxc6 Nxc6 22. Qd7 Ne5 23. Nxe5 Bxe5 24. Qd5 Re8 25. b3 Bg7 26. Rc1 h5 27. Qc6 Re6 28. Qc2 Kh7 29. Rd1 Be5 30. Bd2 Qh4 31. Be3 b4 32. Rd7 Kg7 33. Rd5 Qf6 34. Qd3 Ra6 35. g3 Qc6 36. Qe4 Bf6 37. Qg2 Qc3 38. Rc5 Qxb3 39. Qb7 Ra1+ 40. Kh2 Qd1 41. h4 b3 42. Rc7 Qg1+ 43. Kh3 Qh1+ 44. Qxh1 Rxh1+ 45. Kg2 b2 46. Kxh1 b1=Q+ 47. Kh2 Qe4 48. Rd7 Be5 49. Ra7 Qxh4+ 50. Kg2 Qe4+ 0-1

[Event "EYTCC U18 Girls 2019"]
[Site "Pardubice"]
[Date "2019.07.17"]
[Round "7.40"]
[White "Beliakova, Ilona"]
[Black "Kralj, Nika"]
[Result "0-1"]
[ECO "E04"]
[WhiteElo "1759"]
[BlackElo "1807"]
[Annotator "NA"]
[PlyCount "114"]
[EventDate "2019.07.11"]
[EventType "swiss"]
[EventCountry "CZE"]
[SourceTitle "playchess.com"]
[Source "ChessBase"]
[SourceQuality "1"]
[WhiteTeam "Russia"]
[BlackTeam "Slovenia"]
[WhiteTeamCountry "RUS"]
[BlackTeamCountry "SLO"]
[TimeControl "40/5400+30:1800+30"]

1. d4 d5 2. c4 e6 3. Nf3 Nf6 4. g3 dxc4 5. Bg2 Bb4+ 6. Bd2 Bxd2+ 7. Nbxd2 O-O 8. Nxc4 Qe7 9. O-O Nbd7 10. Rc1 c5 11. Qc2 cxd4 12. Nxd4 Rb8 13. Rfd1 a6 14. a3 g6 15. Na5 Nb6 16. Qb3 Nbd7 17. Qc2 Nb6 18. Qb3 Nbd7 19. Qc3 e5 20. Ndc6 bxc6 21. Nxc6 Qe8 22. Nxb8 Nxb8 23. Qc7 Bf5 24. Rd6 Ne4 25. Bxe4 Bxe4 26. f3 Bf5 27. Rcd1 Qb5 28. R1d2 Bh3 29. R6d5 Qb3 30. Qxe5 Nc6 31. Qf6 Qb6+ 32. R5d4 Qc5 33. Kf2 Nxd4 34. Qxd4 Qxd4+ 35. Rxd4 Be6 36. Ra4 Ra8 37. Ke3 Kf8 38. Kd4 Rd8+ 39. Kc3 Rc8+ 40. Kd3 Ke7 41. e4 Bb3 42. Rb4 Bd1 43. Rb7+ Ke8 44. f4 Bc2+ 45. Ke3 a5 46. Kd4 a4 47. Ke5 Rc6 48. Kd5 Re6 49. e5 Bb3+ 50. Kc5 Re7 51. Rb8+ Kd7 52. Rb7+ Kd8 53. Rb6 Rc7+ 54. Kd6 Rd7+ 55. Kc5 Rd2 56. Rd6+ Rxd6 57. Kxd6 Be6 0-1

[Event "EYTCC U18 Girls 2019"]
[Site "Pardubice"]
[Date "2019.07.17"]
[Round "7.41"]
[White "Jaufarally, Nadia"]
[Black "Kopcova, Ludmila"]
[Result "1-0"]
[ECO "C42"]
[WhiteElo "1944"]
[BlackElo "1980"]
[Annotator "NA"]
[PlyCount "137"]
[EventDate "2019.07.11"]
[EventType "swiss"]
[EventCountry "CZE"]
[SourceTitle "playchess.com"]
[Source "ChessBase"]
[SourceQuality "1"]
[WhiteTeam "England"]
[BlackTeam "Czech Republic"]
[WhiteTeamCountry "ENG"]
[BlackTeamCountry "CZE"]
[TimeControl "40/5400+30:1800+30"]

1. e4 e5 2. Nf3 Nf6 3. Nxe5 d6 4. Nf3 Nxe4 5. Nc3 Nxc3 6. dxc3 Be7 7. Be3 O-O 8. Qd2 Nd7 9. O-O-O c6 10. Kb1 d5 11. c4 Nf6 12. cxd5 Nxd5 13. Bc4 Nxe3 14. Qxe3 Qc7 15. Rhe1 Bf6 16. Ng5 Bxg5 17. Qxg5 h6 18. Re7 hxg5 19. Rxc7 Be6 20. Bxe6 fxe6 21. f3 Rad8 22. Rxd8 Rxd8 23. Kc1 Rf8 24. Rxb7 g4 25. Rb3 e5 26. Re3 gxf3 27. Rxf3 Rd8 28. Rd3 Rf8 29. Kd1 Rf2 30. Rd2 Rf1+ 31. Ke2 Ra1 32. a3 Ra2 33. c3 Kf7 34. Ke3 Ke6 35. Kd3 Ra1 36. Re2 Rd1+ 37. Kc4 Rd5 38. b4 Kf5 39. a4 a6 40. g3 e4 41. Rf2+ Ke5 42. Rf8 Rd2 43. Re8+ Kf5 44. Rf8+ Ke5 45. Re8+ Kf5 46. Rf8+ Ke5 47. Kc5 Rxh2 48. Kxc6 Rc2 49. Re8+ Kf5 50. Rf8+ Ke5 51. Re8+ Kf5 52. Kb6 Rxc3 53. Kxa6 Rxg3 54. b5 Rb3 55. b6 e3 56. b7 Kf4 57. Re6 Kf3 58. Rb6 Rxb6+ 59. Kxb6 e2 60. b8=Q e1=Q 61. Qf8+ Kg4 62. Qxg7+ Kh5 63. Qf7+ Kg5 64. Qd5+ Kf6 65. Qc6+ Kf7 66. a5 Qe3+ 67. Kb7 Qb3+ 68. Ka8 Ke7 69. Qb7+ 1-0

[Event "EYTCC U18 Girls 2019"]
[Site "Pardubice"]
[Date "2019.07.17"]
[Round "7.42"]
[White "Gresova, Zuzana"]
[Black "Rahulan, Thivyaa"]
[Result "1-0"]
[ECO "A85"]
[WhiteElo "1919"]
[BlackElo "1878"]
[Annotator "NA"]
[PlyCount "113"]
[EventDate "2019.07.11"]
[EventType "swiss"]
[EventCountry "CZE"]
[SourceTitle "playchess.com"]
[Source "ChessBase"]
[SourceQuality "1"]
[WhiteTeam "Czech Republic"]
[BlackTeam "England"]
[WhiteTeamCountry "CZE"]
[BlackTeamCountry "ENG"]
[TimeControl "40/5400+30:1800+30"]

1. d4 f5 2. c4 Nf6 3. Nc3 g6 4. h4 h6 5. Nh3 Nh5 6. e4 e6 7. Nf4 Nxf4 8. Bxf4 d6 9. Qd2 Bg7 10. O-O-O Bd7 11. Re1 Kf7 12. exf5 exf5 13. d5 Qf6 14. c5 Na6 15. cxd6 cxd6 16. Bb5 Rhd8 17. Bxd7 Rxd7 18. Re6 Qd4 19. Bxh6 Qxd2+ 20. Bxd2 Nc7 21. Ree1 Bxc3 22. bxc3 Nxd5 23. h5 Nf6 24. hxg6+ Kxg6 25. Rh6+ Kf7 26. f3 Rg8 27. Re2 b6 28. Kb2 Rdd8 29. Bf4 Rg7 30. Rd2 d5 31. Be5 Rg6 32. Rh4 Rdg8 33. g3 Rd8 34. Rhd4 Ke6 35. Re2 Kf7 36. c4 Rd7 37. Red2 Ke6 38. Bxf6 Kxf6 39. g4 fxg4 40. fxg4 Rg5 41. cxd5 Rd6 42. Kc3 Rg8 43. Rh2 Kg6 44. Kd3 Rgd8 45. Rh5 R6d7 46. Re5 Rd6 47. Ke4 Kf6 48. Rd3 R8d7 49. Rh3 Kg6 50. Rc3 Kf7 51. Rd3 Kf6 52. Kd4 Rd8 53. Rde3 R8d7 54. Re6+ Rxe6 55. Rxe6+ Kf7 56. Ke5 Rd8 57. d6 1-0